 Dungeon Crawl Stone Soup version 0.21-a0-233-g0929f2e (webtiles) character file.

52 JackS81 the Cudgeler (level 3, -4/58 HPs)
             Began as an Ogre Berserker on Sept 2, 2017.
             Was a Follower of Trog.
             Slain by Sigmund
             ... wielding a +0 scythe
              (11 damage)
             ... on level 2 of the Dungeon.
             The game lasted 00:03:58 (701 turns).

JackS81 the Cudgeler (Ogre Berserker)                Turns: 701, Time: 00:03:58

Health: -4/58      AC:  3    Str: 27    XL:     3   Next: 85%
Magic:  3/3        EV: 10    Int:  8    God:    Trog [*.....]
Gold:   79         SH:  0    Dex:  8    Spells: 2/2 levels left

rFire    . . .     SeeInvis .   a - +0 mace
rCold    . . .     Gourm    .   (no shield)
rNeg     . . .     Faith    .   b - +0 animal skin
rPois    .         Spirit   .   (helmet restricted)
rElec    .         Reflect  .   (no cloak)
rCorr    .         Harm     .   (gloves unavailable)
MR       ++...                  (boots unavailable)
Stlth    ..........             (no amulet)
HPRegen  1.19/turn              (no ring)
MPRegen  0.08/turn              (no ring)

@: berserking (expiring), regenerating, very quick
A: unfitting armour, tough skin 1
a: Berserk, Burn Spellbooks, Renounce Religion


You were on level 2 of the Dungeon.
You worshipped Trog.
Trog was aware of your devotion.
You were very hungry.

You visited 1 branch of the dungeon, and saw 2 of its levels.

You collected 79 gold pieces.

Inventory:

Hand Weapons
 a - a +0 mace (weapon)
 k - a +0 spear
 l - a +0 dagger
Missiles
 e - 17 bolts
 g - 54 stones (quivered)
 i - 39 poisoned needles
Armour
 b - a +0 animal skin (worn)
Scrolls
 f - a scroll of remove curse {unknown}
 m - a scroll of immolation {unknown}
 o - a scroll of enchant armour {unknown}
Potions
 j - 2 potions of brilliance {unknown}
 n - a potion of cancellation {unknown}
Comestibles
 c - 2 bread rations
 d - 4 chunks of flesh
 h - 2 meat rations


   Skills:
 - Level 4.0 Fighting
 * Level 4.2 Maces & Flails
 - Level 2.6 Dodging


You had 2 spell levels left.
You didn't know any spells.

Dungeon Overview and Level Annotations

Branches:
Dungeon (2/15)

Altars:

Annotations:
D:2 Sigmund


Innate Abilities, Weirdness & Mutations

You are too large for most types of armour.
You have tough skin. (AC +1)


Message History

You are feeling very hungry.
You feel a strong urge to attack something.
Sigmund casts a spell.
Sigmund flickers and vanishes!
Deactivating autopickup; reactivate with Ctrl-A.
The goblin shoots a sling bullet.
The sling bullet hits you.
You see here a sling bullet.
You closely miss something. Something hits you!
* * * LOW HITPOINT WARNING * * *
You miss something.
You feel the effects of Trog's Hand fading.
The goblin shoots a sling bullet.
The sling bullet hits you.
* * * LOW HITPOINT WARNING * * *
You closely miss something. Something hits you but does no damage.
The goblin shoots a sling bullet.
The sling bullet hits you!
* * * LOW HITPOINT WARNING * * *
You hit something. You miss something.
The goblin shoots a sling bullet.
The sling bullet barely misses you. Something hits you!
You die...

####.# ###### ####.#
#....# ...#.# #....#
## #.# #....# ###
#.###....# ...#
###..##....#
######....#
#..........#
#g..(g....#
#รท.........#
#{####....#
#.......#######@#
...# #.......# #...(#
.. ..# ######'##
#.####.# ...
#######..####.#....##
.#
.....................
#
.#######..###.#.###.#
.# ##.#...#.# .#
#..^### # .# ##....#


You could see a goblin.

Vanquished Creatures
  Jessica (D:2)
  A dart slug (D:1)
  A ball python (D:1)
  2 giant cockroaches
  2 hobgoblins (D:1)
  3 kobolds (D:1)
  A quokka (D:2)
  4 bats
  A frilled lizard (D:1)
  5 goblins
  A rat (D:1)
22 creatures vanquished.

Notes
Turn   | Place    | Note
-------+----------+-------------------------------------------
     0 | D:1      | JackS81 the Ogre Berserker began the quest for the Orb.
     0 | D:1      | Reached XP level 1. HP: 24/24 MP: 1/1
   110 | D:1      | Reached XP level 2. HP: 26/32 MP: 2/2
   513 | D:2      | Reached XP level 3. HP: 27/39 MP: 3/3
   537 | D:2      | Noticed Jessica
   555 | D:2      | Killed Jessica
   643 | D:2      | Reached ** piety under Trog
   688 | D:2      | Noticed Sigmund
   701 | D:2      | Slain by Sigmund

Vault maps used:
D:1:      giann_wishing_wells
D:2:      minmay_surrounded, uniq_crazy_yiuf_cottage, uniq_sigmund, uniq_jessica

Skill      XL: |  1  2  3 |
---------------+----------+-----
Maces & Flails | 3 4 |  4.2
Fighting       | |  4.0
Dodging        | |  2.6

Action                   || total
-------------------------++-------
Melee: Mace              ||    71
Invok: Berserk           ||     2
       Trog's Hand       ||     1
Armor: Animal skin       ||    43
Dodge: Dodged            ||    54

Table legend:
 A = Spawn XP
 B = Non-spawn XP
 C = Spawn XP percentage of total XP
 D = Spawn monster count
 E = Non-spawn monster count
 F = Spawn count percentage of total count
 G = Total turns spent on level
                    A         B        C        D         E        F      G
               +---------+---------+-------+---------+---------+-------+---------
         Total |       3 |      72 |   4.0 |       2 |      20 |   9.1 |   701
               +---------+---------+-------+---------+---------+-------+---------
           D:1 |       3 |      23 |  11.5 |       2 |      13 |  13.3 |   459
           D:2 |       0 |      49 |   0.0 |       0 |       7 |   0.0 |   242
               +---------+---------+-------+---------+---------+-------+---------
